 Dungeon Crawl Stone Soup version 0.25-a0-670-g50981ef59b (webtiles) character file.

Game seed: 14011797248363098233, levelgen mode: deterministic

50 sanka the Scratcher (level 3, 17/17 HPs)
             Began as a Felid Wanderer on Mar 29, 2020.
             Quit the game on level 3 of the Dungeon.
             The game lasted 00:05:21 (2833 turns).

sanka the Scratcher (Felid Wanderer)                Turns: 2833, Time: 00:05:22

Health: 17/17      AC:  1    Str:  8    XL:     3   Next: 55%
Magic:  13/13      EV: 18    Int: 10    God:
Gold:   121        SH:  0    Dex: 19    Spells: 2/2 levels left
                                        Lives:  0   Deaths: 1

rFire    . . .     SeeInvis +     - Unarmed
rCold    . . .     Gourm    .   (shield unavailable)
rNeg     . . .     Faith    .   (armour unavailable)
rPois    .         Spirit   .   (helmet unavailable)
rElec    .         Reflect  .   (cloak unavailable)
rCorr    .         Harm     .   (gloves unavailable)
MR       .....                  (boots unavailable)
Stlth    +++.......             n - amulet of rage
HPRegen  0.05/turn              p - ring of magical power
MPRegen  0.13/turn              (no ring)

@: quick
A: very small, no armour, no weapons or thrown items, stealth, claws 1, fangs 3,
see invisible, carnivore, speed 1, shaggy fur 1, slow metabolism 1, sharp paws
a: Evoke Berserk Rage


You were on level 3 of the Dungeon.
You were not hungry.

You visited 1 branch of the dungeon, and saw 3 of its levels.

You collected 121 gold pieces.


Innate Abilities, Weirdness & Mutations

You cannot wear armour.
You are incapable of wielding weapons or throwing items.
Your paws allow you to move quietly. (Stealth)
You have sharp claws.
You have razor-sharp teeth.
You have supernaturally acute eyesight. (SInv)
You are carnivorous and can eat meat at any time.
You cover ground quickly.
You are covered in fur. (AC +1)
You have a slow metabolism.
Your sharp claws are effective at attacking unaware monsters.


   Skills:
 - Level 3.0 Fighting
 + Level 2.9 Dodging
 - Level 3.0 Stealth
 * Level 5.4 Unarmed Combat
 - Level 1.1 Evocations


You had 2 spell levels left.
You didn't know any spells.
Your spell library was empty.

Inventory:

Jewellery
 n - an amulet of rage (around neck)
 p - a ring of magical power (left paw)
Wands
 d - a wand of random effects (15)
Scrolls
 a - 2 scrolls of fear
 b - 2 scrolls of blinking
 g - a scroll of random uselessness {unknown}
 i - a scroll of identify {unknown}
Potions
 e - a potion of degeneration {unknown}
 m - 2 potions of stabbing {unknown}
Comestibles
 f - 3 rations
 h - 4 chunks of flesh

Dungeon Overview and Level Annotations

Branches:
Dungeon (3/15)

Altars:
Hepliaklqana
Sif Muna

░░ ,░ ▒▒▒▒▒▒▒▒ ,░
▒▒▒▒▒▒...).<▒ ,░
░░▒▒▒▒▒▒▒...▒▒....).▒
,░░░░░░░,..................▒
,,,,,,,,,......>h.=▒▒......▒
,░░░░░░░░▒▒▒▒▒▒▒...▒▒......▒
,░ ░▒...▒▒▒▒.▒▒▒▒ ░░ ░▒).▒▒▒
▒.▒ ░ ▒..▒▒ ▒.▒ ▒ ▒.▒░ ▒.▒ ▒
░░▒.░ ░░.▒ ▒ ░░,..░░░░░░░,,░
▒ ░░,.▒░░,,,,,,,░░


There were no monsters in sight!


Message History

You are more poisoned.
* * * LOW HITPOINT WARNING * * *
You feel sick. The leopard gecko barely misses you.
* * * LOW HITPOINT WARNING * * *
You feel sick.
The leopard gecko hisses menacingly.
The leopard gecko barely misses you.
An orc comes into view. It is wielding a +0 trident.
An orc wizard comes into view. It is wielding a +0 dagger.
The orc shouts!
You hear a shout!
An orc comes into view. It is wielding a +0 dagger.
The orc wizard gestures wildly while chanting.
The orc wizard flickers and vanishes for a moment.
A worker ant comes into view.
The orc completely misses you. The orc wizard casts a spell at you.
The magic dart hits you.
* * * LOW HITPOINT WARNING * * *
The worker ant moves out of view.
The orc barely misses you.
The orc wizard hits you with a +0 dagger.
You die...
The orc misses you.
You are now level 3!
You rejoin the land of the living...
Unknown command.
Unknown command.
Are you sure you want to abandon this character and quit the game? (Confirm with "yes".)

Action                   |  1- 3 |  4- 6 || total
-------------------------+-------+-------++-------
Melee: Unarmed           |   107 |    62 ||   169
       Bite              |    10 |     5 ||    15
       Punch             |     1 |       ||     1
  Use: Scroll            |       |     4 ||     4
       Potion            |       |     1 ||     1
 Stab: Sleeping          |     1 |     4 ||     5
       Distracted        |       |     1 ||     1
  Eat: Chunk             |     8 |     3 ||    11
Armor: Skin              |     4 |     3 ||     7
Dodge: Dodged            |    81 |    48 ||   129

Levels and vault maps discovered:
D:1:      minmay_arrival_wavy_path, layout_basic, minmay_misc_feat_cross,
          hangedman_feature_mirror
D:2:      layout_basic, overflow_temple_1_default, led_sif_pool
D:3:      layout_rooms, first_ration, minmay_door_square

Notes
Turn   | Place    | Note
-------+----------+-------------------------------------------
     0 | D:1      | sanka the Felid Wanderer began the quest for the Orb.
     0 | D:1      | sanka set off with the following items: a scroll of fear, a
                  | scroll of blinking, a potion of curing {@q1}, a wand of
                  | random effects (15), a ration
     0 | D:1      | Reached XP level 1. HP: 10/10 MP: 2/2
   315 | D:1      | Reached skill level 1 in Dodging
   351 | D:1      | Reached XP level 2. HP: 14/14 MP: 3/3
   774 | D:2      | Found a hazy altar of Hepliaklqana.
   807 | D:2      | Reached XP level 3. HP: 11/17 MP: 4/4
  1079 | D:2      | Reached skill level 2 in Dodging
  1371 | D:2      | Reached skill level 3 in Stealth
  1371 | D:2      | Reached skill level 5 in Unarmed Combat
  1511 | D:2      | Reached XP level 4. HP: 21/21 MP: 5/5
  1658 | D:2      | Found a shimmering blue altar of Sif Muna.
  2822 | D:3      | HP: 2/21 [poisoned by a gnoll]
  2829 | D:3      | HP: 2/21 [orc wizard/magic dart (5)]
  2832 | D:3      | Slain by an orc wizard
  2833 | D:3      | Reached XP level 3. HP: -3/17 MP: 13/13
  2833 | D:3      | Quit the game

Vanquished Creatures
  3 adders (D:2)
  3 worms (D:2)
  A dart slug (D:3)
  2 leopard geckos (D:3)
  3 orcs (D:3)
  A ball python (D:2)
  5 giant cockroaches
  7 goblins
  5 hobgoblins
  9 jackals
  4 quokkas
  2 bats
  4 frilled lizards
  6 kobolds
  A leopard gecko zombie (D:2)
  3 rats
59 creatures vanquished.
